 Dungeon Crawl Stone Soup version 0.28-a0-750-g7c675f85b1 (webtiles) character file.

Game seed: 9807569724007004389

1760 ytrimaz the Thaumaturge (level 8, -2/52 HPs)
             Began as a Demonspawn Necromancer on Oct 29, 2021.
             Was an Initiate of Kikubaaqudgha.
             Slain by a killer bee (8 damage)
             ... on level 5 of the Dungeon.
             The game lasted 00:08:47 (8352 turns).

ytrimaz the Thaumaturge (Demonspawn Necromancer)    Turns: 8352, Time: 00:08:48

Health: -2/52      AC:  8    Str:  8    XL:     8   Next: 79%
Magic:  6/20       EV: 12    Int: 19    God:    Kikubaaqudgha [......]
Gold:   261        SH:  0    Dex: 14    Spells: 16/24 levels left

rFire   + . .      SeeInvis .   i - +2 whip (elec)
rCold   . . .      Faith    .   (no shield)
rNeg    . . .      Spirit   .   q - +2 robe {rF+}
rPois   .          Reflect  .   (helmet restricted)
rElec   .          Harm     .   o - +0 cloak
rCorr   .          Rampage  .   (no gloves)
Will    .....                   (no boots)
Stlth   ++........              (no amulet)
HPRegen 0.17/turn               (no ring)
MPRegen 0.17/turn               (no ring)

@: lethally poisoned (-2 -> -10)
A: horns 2, icy blue scales 2, demonic magic 2, mutation resistance 1
a: Renounce Religion


You were on level 5 of the Dungeon.
You worshipped Kikubaaqudgha.
Kikubaaqudgha was noncommittal.
You visited 1 branch of the dungeon, and saw 5 of its levels.

You collected 261 gold pieces.

Inventory:

Hand Weapons
 i - a +2 whip of electrocution (weapon)
Armour
 o - a +0 cloak (worn)
 q - a +2 robe of fire resistance (worn)
Wands
 h - a wand of acid (3)
 n - a wand of paralysis (6)
 p - a wand of iceblast (10)
Scrolls
 b - 2 scrolls of vulnerability
 d - a scroll of teleportation
 g - 2 scrolls of enchant armour
 l - a scroll of amnesia
Potions
 c - a potion of magic
 e - a potion of mutation
 f - 2 potions of haste
 j - a potion of flight
 k - a potion of heal wounds


   Skills:
 - Level 1.7 Dodging
 - Level 1.7 Stealth
 * Level 8.8 Spellcasting
 + Level 8.3 Necromancy


You had 16 spell levels left.
You knew the following spells:

 Your Spells              Type           Power      Damage    Failure   Level
a - Pain                  Necr           100%       1d9       1%          1
b - Vampiric Draining     Necr           20%        2d8       1%          3
c - Animate Dead          Necr           20%        N/A       2%          4

Your spell library contained the following spells:

 Spells                   Type           Power      Damage    Failure   Level
 Animate Skeleton         Necr           80%        N/A       1%          1
 Agony                    Necr           40%        N/A       8%          5
 Magic Dart               Conj           32%        1d4       9%          1
 Slow                     Hex            32%        N/A       9%          1
 Searing Ray              Conj           16%        2d5       13%         2
 Confusing Touch          Hex            8%         N/A       26%         3
 Fulminant Prism          Conj/Hex       4%         3d6       63%         4


Dungeon Overview and Level Annotations

Branches:
Dungeon (5/15)
 Temple: D:4-7

Altars:
Ashenzari
Elyvilon
Fedhas
Gozag
Kikubaaqudgha
Okawaru
Ru
Sif Muna

Shops:
D:1 :!   D:4 !   D:5 !


Innate Abilities, Weirdness & Mutations

You have a pair of horns on your head.
You are mostly covered in icy blue scales. (AC +3)
Spells you cast may paralyse nearby enemies.
You are somewhat resistant to further mutation.


Message History

You call on the dead to rise...
The dead are flying!
Malevolent energies surge around you.
The killer bee suddenly stops moving! x2
The bullfrog zombie suddenly stops moving!
You feel sick.
Your killer bee zombie hits the bullfrog zombie. x2
The orc hits your killer bee zombie with a +0 mace!
Your killer bee zombie is destroyed!
Unknown command.
The helpless killer bee fails to defend itself.
You hit the killer bee.
Lightning courses through the killer bee!
You headbutt the killer bee.
You kill the killer bee!
Kikubaaqudgha accepts your kill.
You feel sick.
Your killer bee zombie hits the bullfrog zombie!
Your killer bee zombie hits the bullfrog zombie.
The bullfrog zombie is destroyed!
Kikubaaqudgha accepts your kill.
You feel sick. The orc hits you with a +0 mace.
* * * LOW HITPOINT WARNING * * *
The helpless killer bee fails to defend itself.
You hit the killer bee.
The killer bee is moderately wounded.
You feel sick.
The killer bee is no longer paralysed.
Your killer bee zombie hits the orc.
The killer bee stings you.
* * * LOW HITPOINT WARNING * * *
You are lethally poisoned!
The killer bee poisons you!
Your killer bee zombie hits the orc.
The orc dies!
Kikubaaqudgha accepts your kill. The killer bee closely misses you.
You miss the killer bee.
The killer bee is moderately wounded.
* * * LOW HITPOINT WARNING * * *
You feel sick. The killer bee stings you.
* * * LOW HITPOINT WARNING * * *
The killer bee stings you!
You die...
Kikubaaqudgha rasps: "You have failed me!
Welcome... death!"

.... .... ##########
..... #........## .....
..........####### ......
...........##...##......
................y.......
................@Z......
............####).......
...).......## ##.......
...........# .......
...........# ......[
...........# .......
..########.# ....... ..#
....... ..#


You could see a killer bee (ally target) and a friendly killer bee zombie.

Vanquished Creatures
  Pikel (D:4)
  Prince Ribbit (D:5)
  A water moccasin (D:4)
  A black bear (D:5)
  A lemure (D:3)
  5 scorpions
  4 killer bees (D:5)
  A bullfrog zombie (D:5)
  A centaur zombie (D:5)
  Ijyb (D:4)
  3 iguanas
  An orc wizard (D:5)
  A scorpion zombie (D:5)
  6 gnolls
  9 adders
  A shadow imp (D:5)
  A worm (D:4)
  3 dart slugs (D:3)
  10 orcs
  5 bats
  5 endoplasms
  5 giant cockroaches
  7 goblins
  5 hobgoblins
  4 jackals (D:2)
  2 quokkas
  4 ball pythons
  3 frilled lizards
  6 kobolds
  3 rats
101 creatures vanquished.

Vanquished Creatures (collateral kills)
  A bullfrog zombie (D:5)
  An orc (D:5)
2 creatures vanquished.

Vanquished Creatures (others)
  10 plants (D:4)
10 creatures vanquished.

Grand Total: 113 creatures vanquished

Notes
Turn   | Place    | Note
-------+----------+-------------------------------------------
     0 | D:1      | ytrimaz the Demonspawn Necromancer began the quest for the
                  | Orb.
     0 | D:1      | Reached XP level 1. HP: 13/13 MP: 3/3
   151 | D:1      | Found Apro's Book Boutique.
   214 | D:1      | Found Dadeowki's Distillery.
   628 | D:1      | Gained mutation: You have a pair of small horns on your
                  | head. [demonic ancestry]
   628 | D:1      | Reached XP level 2. HP: 14/19 MP: 0/5
  1571 | D:2      | Found a faded altar of an unknown god.
  1697 | D:2      | Reached skill level 5 in Necromancy
  1768 | D:2      | Gained mutation: Spells you cast may paralyse adjacent
                  | enemies. [demonic ancestry]
  1768 | D:2      | Reached XP level 3. HP: 20/24 MP: 2/7
  1772 | D:2      | Learned a level 3 spell: Vampiric Draining
  2413 | D:2      | Reached XP level 4. HP: 26/30 MP: 3/9
  2886 | D:3      | Noticed a scorpion
  2894 | D:3      | Killed a scorpion
  2895 | D:3      | Gained mutation: Spells you cast may paralyse nearby
                  | enemies. [demonic ancestry]
  2895 | D:3      | Reached XP level 5. HP: 28/35 MP: 2/11
  3714 | D:3      | Found a blossoming altar of Fedhas.
  4400 | D:4      | Reached skill level 5 in Spellcasting
  4400 | D:4      | Gained mutation: You are partially covered in icy blue
                  | scales. (AC +2) [demonic ancestry]
  4400 | D:4      | Reached XP level 6. HP: 36/41 MP: 7/13
  4599 | D:4      | Noticed a water moccasin
  4607 | D:4      | Killed a water moccasin
  4905 | D:4      | Gained mutation: You are mostly covered in icy blue scales.
                  | (AC +3) [demonic ancestry]
  4905 | D:4      | Reached XP level 7. HP: 38/46 MP: 7/15
  5117 | D:4      | Noticed Pikel
  5520 | D:4      | Found an opulent altar of Gozag.
  5632 | D:3      | Gained mutation: You have a pair of horns on your head.
                  | [potion of mutation]
  5632 | D:3      | Gained mutation: You are somewhat resistant to further
                  | mutation. [potion of mutation]
  6362 | D:4      | Killed Pikel
  6625 | D:4      | Found an iron altar of Okawaru.
  6706 | D:4      | Noticed Ijyb
  6709 | D:4      | Paralysed by Ijyb for 7 turns
  6720 | D:4      | Killed Ijyb
  6721 | D:4      | Reached XP level 8. HP: 37/52 MP: 12/18
  6837 | D:5      | Entered Level 5 of the Dungeon
  6837 | D:5      | Found Niukomnu's Distillery.
  6838 | D:5      | Found a sacrificial altar of Ru.
  7092 | D:5      | Learned a level 4 spell: Animate Dead
  7502 | D:5      | Found an ancient bone altar of Kikubaaqudgha.
  7523 | D:5      | Became a worshipper of Kikubaaqudgha
  7556 | D:5      | Found a broken altar of Ashenzari.
  7648 | D:5      | Noticed Prince Ribbit
  7661 | D:5      | Killed Prince Ribbit
  7798 | D:5      | Found a shimmering blue altar of Sif Muna.
  8352 | D:5      | Slain by a killer bee

Illustrated notes

Levels and vault maps discovered:
D:1:      roderic_crossed_star, layout_basic, serial_shops, shop, shop
D:2:      layout_basic, shapermc_ecumenical_altar_mp_ritualfount
D:3:      layout_basic, fedhas_altar_4, mainiacjoe_overflow_paths,
          kennysheep_boxes
D:4:      layout_rooms, kennysheep_okawaru_gauntlet,
          nicolae_gozag_cash_rules_everything_around_me, serial_bayou_lagoon_b,
          uniq_ijyb, uniq_pikel
D:5:      layout_layer_cave, mainiacjoe_overflow_concentric_impassable,
          nicolae_ru_awakened_eye, nicolae_kikubaaqudgha_miasma_corner,
          nicolae_ashenzari_skybound, serial_shops, shop, uniq_prince_ribbit1

Skill      XL: |  1  2  3  4  5  6  7  8 |
---------------+-------------------------+-----
Necromancy     | 5 6 7 8 |  8.3
Spellcasting   | 3 4 5 7 8 |  8.8
Dodging        | |  1.7
Stealth        | |  1.7

Action                   |  1- 3 |  4- 6 |  7- 9 || total
-------------------------+-------+-------+-------++-------
Melee: Unarmed           |    24 |    13 |    39 ||    76
       Headbutt          |     3 |     2 |    16 ||    21
       Whip              |       |       |    47 ||    47
 Cast: Pain              |    70 |    97 |    74 ||   241
       Vampiric Draining |     1 |     2 |     5 ||     8
       Animate Dead      |       |       |     2 ||     2
  Use: Scroll            |       |     4 |     2 ||     6
       Potion            |       |       |     6 ||     6
 Stab: Paralysed         |     4 |     1 |    12 ||    17
Armor: Robe              |    21 |     7 |    47 ||    75
Dodge: Dodged            |    51 |    20 |    79 ||   150

Table legend: (Time is in decaauts)
 A = Elapsed time spent in this place.
 B = Non-inter-level travel time spent in this place.
 C = Inter-level travel time spent in this place.
 D = Time resting spent in this place.
 E = Time spent auto-exploring this place.
 F = Levels seen in this place.
 G = Mean time per level.
                   A        B        C        D        E       F      G
               +--------+--------+--------+--------+--------+-----+--------+
         Total |   8348 |   8266 |     82 |   2941 |   4175 |   5 | 1669.6 |
       Dungeon |   8348 |   8266 |     82 |   2941 |   4175 |   5 | 1669.6 |
               +--------+--------+--------+--------+--------+-----+--------+

Top non-repeatable levels by time:
     D:3: 2381 daAuts
     D:4: 1792 daAuts
     D:1: 1648 daAuts
     D:5: 1303 daAuts
     D:2: 1221 daAuts
